AoeStats
← KIngon

Arabia

505358085Analyzed
1v1 RM · 24d ago on Sep 9, 2026· 74m 47s· 2 players
Game mode
Random Map
Map size
Tiny (2 player)
Population
200
Speed
Normal
Resources
Standard
Victory
Conquest
Starting age
Dark Age
Ending age
Imperial Age
RankedLock teamsTeams togetherTeam positionsShared explorationLock speedFull tech treeHidden civsTurbo modeCheats
Victory
Defeat
🇨🇦 Japanese · Canada
1121
+15
🇺🇾 Vietnamese · Uruguay
1093
-15
KIngon
0:32 Loom
10:24 Feudal Age
10:56 Double-Bit Axe
10:58 Man-at-Arms
23:11 Fletching
26:58 Padded Archer Armor
40:54 Castle Age
39:22 Gold Mining
40:03 Forging
41:20 Bloodlines
40:55 Crossbowman
45:48 Husbandry
47:39 Leather Archer Armor
69:56 Bodkin Arrow
70:43 Ballistics
Ascetis
7:32 Loom
10:54 Feudal Age
11:04 Man-at-Arms
18:03 Arson
19:37 Double-Bit Axe
19:32 Horse Collar
24:01 Fletching
26:14 Castle Age
24:32 Scale Mail Armor
25:24 Padded Archer Armor
26:59 Bodkin Arrow
28:22 Chain Mail Armor
31:22 Bow Saw
32:23 Leather Archer Armor
33:21 Elite Skirmisher
33:32 Long Swordsman
40:12 Gambesons
40:28 Squires
46:13 Pikeman
60:49 Wheelbarrow
59:59 Town Watch
61:58 Light Cavalry
67:29 Imperial Age
69:48 Two-Handed Swordsman
70:35 Scale Barding Armor
72:00 Plate Mail Armor
73:50 Bracer
Connection lost

Rejoining the realm…

Still unreachable

The connection could not be restored.

Session expired

The server has moved on; the page needs a fresh start.